 Dungeon Crawl Stone Soup version 0.16.2-12-gd0ad4c3 (webtiles) character file.

47 faibistes the Magician (level 3, -2/19 HPs)
             Began as a Deep Elf Wizard on Dec 18, 2017.
             Slain by a fire vortex (21 damage)
             ... summoned by miscasting Conjure Flame
             ... on level 2 of the Dungeon.
             The game lasted 00:04:39 (1956 turns).

faibistes the Magician (Deep Elf Wizard)            Turns: 1956, Time: 00:04:39

Health: -2/19      AC:  4    Str:  4    XL:     3   Next: 48%
Magic:  4/14       EV: 13    Int: 23    God:
Gold:   52         SH:  0    Dex: 13    Spells: 5 memorised, 1 level left

rFire  . . .     SeeInvis .     l - +0 dagger
rCold  . . .     Clarity  .     a - +0 robe
rNeg   . . .     SustAb   .     (no shield)
rPois  .         Gourm    .     b - +0 hat
rElec  .         Spirit   .     (no cloak)
rCorr  .         Warding  .     g - +0 pair of gloves
rMut   .         Stasis   .     t - +0 pair of boots
MR     .....                    (no amulet)
Stlth  ++........               (no ring)
                                (no ring)

@: very slightly contaminated, not resistant to hostile enchantments, unstealthy
A: no striking features
a: no special abilities


You were on level 2 of the Dungeon.
You were very hungry.

You visited 1 branch of the dungeon, and saw 3 of its levels.

You collected 52 gold pieces.

Inventory:

Hand weapons
 l - a +0 dagger (weapon)
 r - a +0 dagger of speed
Armour
 a - a +0 robe (worn)
 b - a +0 hat (worn)
 g - a +0 pair of gloves (worn)
 t - a +0 pair of boots (worn)
Scrolls
 e - a scroll of fear {unknown}
 h - 2 scrolls of amnesia {unknown}
 i - a scroll of random uselessness {unknown}
 k - a scroll of remove curse {unknown}
 m - a scroll of fog {unknown}
 n - 2 scrolls of immolation
 p - a scroll of enchant armour {unknown}
Potions
 j - a potion of heal wounds {unknown}
 q - 2 potions of curing {unknown}
 s - a potion of mutation {unknown}
Books
 c - a book of Minor Magic

   Spells                             Type                      Level
   a - Magic Dart                     Conjuration                  1
   b - Blink                          Translocation                2
   c - Call Imp                       Summoning                    2
   d - Repel Missiles                 Charms/Air                   2
   e - Slow                           Hexes                        2
   f - Conjure Flame                  Conjuration/Fire             3
   g - Mephitic Cloud                 Conjuration/Poison/Air       3
Comestibles
 d - 2 bread rations
 f - a royal jelly
 o - a meat ration


   Skills:
 + Level 3.2 Dodging
 - Level 2.4 Stealth
 * Level 5.1 Spellcasting
 * Level 2.4 Conjurations
 - Level 1.1 Summonings
 - Level 1.1 Translocations


You had one spell level left.
You knew the following spells:

 Your Spells              Type           Power        Failure   Level  Hunger
a - Magic Dart            Conj           ###.         3%          1    None
b - Conjure Flame         Conj/Fire      ##......     21%         3    ##.....
c - Call Imp              Summ           ##......     12%         2    None
d - Blink                 Tloc           N/A          12%         2    None
e - Mephitic Cloud        Conj/Pois/Air  #.......     21%         3    ##.....


Dungeon Overview and Level Annotations

Branches:
Dungeon (3/15)

Altars:


Message History

The gnoll is severely wounded.
The gnoll misses you.
You hit the gnoll but do no damage.
The gnoll is severely wounded.
You hit the gnoll but do no damage.
The gnoll is severely wounded.
The gnoll closely misses you.
You hit the gnoll but do no damage.
The gnoll is severely wounded.
Casting: Mephitic Cloud
Confirm with . or Enter, or press ? or * to list all spells.
Aiming: Conjure Flame
Press: ? - help, Dir - move target cursor, p - gnoll You miscast Conjure Flame.
You are very lightly contaminated with residual magic.
Fire whirls out from your hands! 2 fire vortices come into view.
The fire vortex hits you. The fire vortex burns you!
Ouch! That really hurt!
You die...

#.# #<#
#.# #.#
#.# #.#
#r# #>#
#S# ..#
#g# ###
#.# #g#
#@#
####.####
#.......#
#.#####.#
#
#.######.#
######
#........#
......
#.########
######
#.#####.#
##########
#.......#
#


You could see 2 gnolls, a quokka and a ball python.

Vanquished Creatures
  A gnoll (D:2)
  3 giant geckos
  An ooze (D:1)
  2 hobgoblins
  A jackal (D:2)
  A bat (D:2)
  A giant newt (D:2)
  A goblin (D:1)
  8 kobolds
  5 rats
24 creatures vanquished.

Vanquished Creatures (collateral kills)
  Ijyb (D:2)
  An ooze (D:2)
  3 jackals (D:1)
  A bat (D:2)
6 creatures vanquished.

Grand Total: 30 creatures vanquished

Notes
Turn   | Place    | Note
--------------------------------------------------------------
     0 | D:1      | faibistes, the Deep Elf Wizard, began the quest for the Orb.
     0 | D:1      | Reached XP level 1. HP: 10/10 MP: 6/6
    29 | D:2      | Noticed Ijyb
   479 | D:1      | Reached XP level 2. HP: 15/15 MP: 7/9
   934 | D:1      | Learned a level 2 spell: Blink
   937 | D:1      | Learned a level 2 spell: Call Imp
  1299 | D:2      | Killed Ijyb
  1391 | D:2      | Reached XP level 3. HP: 19/19 MP: 7/13
  1396 | D:2      | Learned a level 3 spell: Conjure Flame
  1400 | D:2      | Learned a level 3 spell: Mephitic Cloud
  1445 | D:2      | Reached skill level 5 in Spellcasting
  1954 | D:2      | Noticed a fire vortex
  1954 | D:2      | Noticed a fire vortex
  1956 | D:2      | Slain by a fire vortex

Action                   || total
-------------------------++-------
Melee: Dagger            ||    11
 Cast: Magic Dart        ||    64
       Call Imp          ||     5
       Mephitic Cloud    ||     3
       Conjure Flame     ||     1
  Use: Scroll            ||     1
 Stab: Confused          ||     1
  Eat: Chunk             ||     2
